Map: Cyber Forest LE

Players

imfaded - Winner!

  • Race: Zerg Zerg
  • League: Master
  • Spawn Location: 11:00

Mez

  • Race: Terran Terran
  • League: Master
  • Spawn Location: 5:00

VOD

Have the link to the VOD?

Description

Time

  • Played on: Aug. 11, 2019, 4:35 p.m.
  • Length: 8:01
Show
View Real Time Build Order
Export as new Build Order

imfaded Zerg - Winner!

Build Orders: Pool First 

Get SALT Encoding   

  12  0:00  Drone  
  13  0:12  Overlord  
  13  0:17  Drone  
  14  0:30  Drone  
  14  0:31  Drone  
  16  0:36  Drone  
  17  0:46  Spawning Pool  
  16  1:09  Hatchery  
  15  1:12  Drone  
  15  1:15  Drone  
  17  1:31  Drone x2  
  19  1:34  Zergling x2  
  20  1:40  Queen  
  20  1:44  Extractor  
  20  1:45  Overlord  
  21  2:06  Drone x2  
  23  2:16  Queen  
  23  2:20  Drone  
  26  2:30  Queen  
  26  2:33  Spore Crawler  
  26  2:36  Extractor  
  28  2:51  Extractor  
  27  2:52  Hatchery  
  27  2:55  Metabolic Boost  
  26  3:00  Drone x3  
  26  3:01  Drone  
  31  3:06  Overlord  
  31  3:13  Drone x2  
  33  3:27  Drone x5  
  33  3:28  Drone  
  33  3:33  Queen  
  41  3:42  Queen  
  41  3:44  Overlord  
  43  4:07  Queen  
  43  4:08  Zergling x4  
  43  4:09  Zergling x10  
  52  4:11  Drone x3  
  52  4:12  Drone  
  56  4:22  Queen  
  58  4:24  Overlord  
  58  4:27  Spore Crawler  
  58  4:29  Queen, Extractor  
  58  4:31  Spore Crawler  
  57  4:42  Drone  
  57  4:43  Drone x7  
  65  4:49  Drone  
  66  4:54  Baneling Nest  
  66  4:55  Evolution Chamber  
  57  5:26  Zerg Melee Weapons Level 1  
  57  5:27  Drone x3  
  60  5:40  Zergling x2  
  60  5:41  Zergling x8  
  60  5:42  Overlord x3  
  65  5:50  Lair  
  65  5:54  Hatchery  
  65  5:56  Overlord  
  64  5:57  Overlord  
  64  6:03  Drone x6  
  70  6:05  Zergling x6  
  71  6:16  Zergling x12  
  71  6:18  Zergling x2  
  75  6:43  Zergling x2  
  75  6:44  Zergling x24  
  88  6:54  Overlord x2  
  88  6:55  Zergling x4  
  88  6:56  Zergling x4  
  88  7:00  Baneling  
  88  7:01  Baneling x5  
  92  7:02  Baneling  
  92  7:11  Zergling x10  
  92  7:12  Zergling x2  
  98  7:16  Baneling x5  
  94  7:35  Zergling x4  
  94  7:36  Zergling x20  
Show
View Real Time Build Order
Export as new Build Order

Mez Terran 

Build Orders: Liberator Opening, Reaper Expand 

Get SALT Encoding   

  12  0:02  SCV  
  13  0:14  SCV  
  13  0:17  Supply Depot  
  14  0:26  SCV  
  15  0:39  SCV  
  15  0:40  Barracks  
  16  0:46  Refinery  
  16  0:51  SCV  
  17  1:03  SCV  
  18  1:15  SCV  
  19  1:28  Orbital Command  
  19  1:29  Reaper  
  20  1:40  Command Center  
  20  1:48  Supply Depot  
  20  1:54  SCV  
  21  2:04  Marine  
  22  2:12  Bunker, Factory  
  21  2:18  SCV  
  21  2:21  Refinery  
  22  2:25  Barracks Reactor  
  22  2:37  SCV  
  23  2:49  SCV  
  24  2:55  Orbital Command  
  24  2:58  Starport  
  24  3:03  SCV  
  25  3:07  Hellion  
  25  3:09  Hellion  
  25  3:11  Barracks Tech Lab  
  29  3:20  SCV  
  29  3:23  SCV  
  31  3:28  Liberator  
  31  3:29  Supply Depot  
  31  3:35  Hellion x2, SCV  
  31  3:36  SCV  
  40  3:49  SCV x2  
  42  3:56  Stimpack  
  42  4:01  SCV x2  
  44  4:04  Supply Depot  
  44  4:06  Hellion x2  
  47  4:12  Marine  
  47  4:13  SCV x2  
  50  4:25  SCV  
  50  4:26  SCV  
  52  4:35  Command Center  
  52  4:38  SCV x2  
  54  4:40  Supply Depot  
  54  4:51  Marine, Barracks  
  54  4:52  Barracks  
  55  4:55  Factory Reactor  
  55  4:57  SCV x2  
  55  4:59  Supply Depot  
  57  5:08  Engineering Bay  
  57  5:12  Engineering Bay  
  55  5:29  Marine  
  55  5:30  Refinery  
  55  5:31  Refinery, Starport Reactor  
  55  5:33  SCV x2  
  58  5:38  Factory Reactor  
  58  5:43  Marine x2, Supply Depot  
  58  5:47  SCV x2, Orbital Command  
  62  5:50  Marine x3  
  62  5:54  Barracks  
  62  5:55  Barracks  
  65  6:03  SCV x2, Marine x2  
  69  6:07  Marine x2  
  71  6:15  SCV x2  
  71  6:16  Orbital Command  
  73  6:21  Marine x2, Medivac x2  
  73  6:22  Supply Depot  
  73  6:23  Widow Mine  
  73  6:24  Widow Mine  
  83  6:27  SCV  
  83  6:32  Marine x3  
  84  6:34  Combat Shield  
  84  6:38  Marine  
  84  6:39  Marine  
  85  6:44  SCV  
  85  6:45  Barracks Reactor x2, SCV  
  85  6:46  SCV  
  89  6:48  Widow Mine x2  
  89  6:50  Marine x2  
  95  6:56  SCV  
  95  6:58  SCV x2  
  95  7:01  Supply Depot  
  98  7:03  Supply Depot  
  98  7:08  SCV, Marine x3  
  99  7:09  Marine x2  
  99  7:10  Medivac  
  99  7:11  Medivac  
  108  7:26  Marine x4  
  108  7:27  Marine  
  113  7:35  Marine x4  
  88  7:37  Widow Mine x2  
  88  7:38  SCV x3  
  88  7:43  Factory  
  95  7:47  Armory  
Tags
 
Add a new tag
Caveats
  • Supply blocks, unpowered buildings, or Contaminate may cause inaccurate times.
  • Supply counts are checked every 10 seconds.